 Dungeon Crawl Stone Soup version 0.31-a0-263-ge8cad7f256 (webtiles) character file.

Game seed: 7363131612217540217

53223 qw the Marksgargoyle (level 14, -7/92 HPs)
             Began as a Gargoyle Hexslinger on July 13, 2023.
             Was a High Priest of Okawaru.
             Mangled by Rupert
             ... wielding a +0 great sword of draining
              (29 damage)
             ... on level 12 of the Dungeon.
             The game lasted 00:06:10 (14481 turns).

qw the Marksgargoyle (Gargoyle Hexslinger)         Turns: 14481, Time: 00:06:10

Health: -7/92      AC: 24    Str: 15    XL:     14   Next: 67%
Magic:  15/21      EV: 24    Int: 15    God:    Okawaru [*****.]
Gold:   1449       SH:  0    Dex: 17    Spells: 14/15 levels left

rFire   . . .        k - +0 longbow (heavy)
rCold   + . .        (shield currently unavailable)
rNeg    + . .        z - +0 troll leather armour
rPois   inf          m - +0 helmet
rElec   +            u - +1 cloak {Stlth+}
rCorr   .            a - +1 pair of gloves of the Cooper {rC+ Will++ Str+3 Dex-5}
SInv    .            t - +0 pair of boots
Will    +++..        s - amulet of regeneration
Stlth   ++++         d - +6 ring of dexterity
HPRegen 1.95/turn    o - +5 ring of evasion
MPRegen 0.17/turn

%: no passive effects
@: heroic, finesse-ful, flying
A: sickness immunity, AC +10, big wings, negative energy resistance 1,
electricity resistance, torment resistance 1, petrification resistance
a: Renounce Religion, Heroism, Finesse, Duel


You were on level 12 of the Dungeon.
You worshipped Okawaru.
Okawaru was extremely pleased with you.
You visited 2 branches of the dungeon, and saw 18 of its levels.

You collected 1785 gold pieces.
You spent 336 gold pieces at shops.


Innate Abilities, Weirdness & Mutations

You are immune to sickness and miasma.
Your stone body is resilient. (AC +10)
You are immune to poison.
Your large and strong wings let you fly.
You resist negative energy. (rN+)
You are resistant to electric shocks. (rElec)
You are resistant to unholy torment.
You are immune to petrification.


   Skills:
 - Level 12.0(17.0) Fighting
 + Level 18.3(23.3) Ranged Weapons
 - Level 7.0(12.0) Armour
 - Level 7.0(12.0) Dodging
 - Level 1.0 Spellcasting
 - Level 2.6 Hexes
 - Level 10.0 Invocations


You had 14 spell levels left.
You knew the following spells:

 Your Spells              Type           Power      Damage    Failure   Level
a - Slow                  Hex            32%        N/A       10%         1

Your spell library contained the following spells:

 Spells                   Type           Power      Damage    Failure   Level
 Inner Flame              Hex/Fire       4%         N/A       43%         3
 Portal Projectile        Hex/Tloc       8%         N/A       43%         3
 Cause Fear               Hex            4%         N/A       67%         4

Inventory:

Hand Weapons
 k - a +0 heavy longbow (weapon)
Armour
 a - the +1 pair of gloves of the Cooper (worn) {rC+ Will++ Str+3 Dex-5}
   (You found it on level 5 of the Lair of Beasts)

   Str:       It affects your strength (+3).
   Dex:       It affects your dexterity (-5).
   rC:        It protects you from cold.
   Will:      It greatly increases your willpower.
 b - a +2 robe of resistance
 c - a +1 pair of gloves
 m - a +0 helmet (worn)
 t - a +0 pair of boots (worn)
 u - a +1 cloak of stealth (worn)
 z - a +0 troll leather armour (worn)
Jewellery
 d - a +6 ring of dexterity (left hand)
 n - the ring "Kuorriost" {rN+++ Int+3 SInv}
   (You acquired it on level 4 of the Dungeon)

   [ring of see invisible]

   Int:       It affects your intelligence (+3).
   rN:        It renders you almost immune to negative energy.
   SInv:      It lets you see invisible.
 o - a +5 ring of evasion (right hand)
 s - an amulet of regeneration (around neck)
Wands
 r - a wand of digging (6)
Scrolls
 e - 6 scrolls of teleportation
 g - a scroll of identify
 x - a scroll of brand weapon
Potions
 f - 2 potions of magic
 h - a potion of haste
 i - 2 potions of mutation
 j - a potion of curing
 l - 5 potions of heal wounds
 p - 2 potions of might
 q - a potion of enlightenment
 v - a potion of cancellation

Dungeon Overview and Level Annotations

Branches:
Dungeon (13/15) Temple (0/1) D:7 Lair (5/5) D:10 Shoals (0/4) Lair:2 Spider (0/4) Lair:3 Slime (0/5) Lair:4 Orc (0/2) D:11 Vaults (0/5) D:12 D:13

Altars:
Cheibriados
Fedhas
Gozag
Makhleb
Okawaru
Ru
Sif Muna
Wu Jian
The Shining One
Jiyva

Shops:
D:8 [   D:9 (

Annotations:
D:10 5 transporters
D:11 3 runed translucent doors, qw's ghost, journeyman MiHs
D:12 Rupert
D:13 Lodul
Lair:1 3 runed translucent doors, qw's ghost, journeyman GrFi


Message History

You shoot an arrow. The arrow hits Rupert!!
Rupert is lightly wounded.
The meliai invokes the aid of its god against you.
Something smites you!
You shoot an arrow.
The arrow hits Rupert but does no damage.
Rupert is lightly wounded.
The meliai completely misses you. The meliai barely misses you.
The human misses you. The human completely misses you.
Lodul says, "I guard Vaults good!
You no get in!"
Electricity crackles from Lodul's apparatus.
The bolt of lightning misses you. The human misses you.
Rupert hits you with a +0 great sword of draining!!
The human completely misses you. x3
14478 ||| STAIRDANCE The meliai completely misses you.
The meliai closely misses you. Rupert completely misses you.
The human barely misses you.
The human completely misses you. x2; The human closely misses you.
The human hits you but does no damage. The meliai misses you.
The meliai barely misses you. The human misses you.
You fly upwards.
There is a stone staircase leading down here.
Enter note:
Enter note:
Enter note:
Enter note:
Enter note:
Enter note:
Enter note:
Enter note:
Enter note: You shoot an arrow.
The arrow hits Rupert!!!
Rupert is moderately wounded.
Rupert hits you with a +0 great sword of draining!
The meliai hits you with a +0 hand axe. The meliai closely misses you.
You shoot an arrow. The arrow hits Rupert!
Rupert is heavily wounded.
The meliai hits you with a +0 hand axe! The meliai misses you.
Rupert hits you with a +0 great sword of draining!!
You die...

.........# ##.# ........## #..#
.......## ##.## ......## #..#
.......## ##.## ### ##
#####...###..# ####)### ##.
##...##..###......## ##.#
##......#.ppp.....### #..#
##..####...y@p.......# ##.##
##..####....p@p.......# ##..#
##..####...............###..###
###..##
#................##.....#
#...##
#................##.....# ..###
##..............##......# .##
#................>##...# ##
##..........#####..#.### #
#.........## ##..##


You could see Rupert (berserk), 6 humans and a meliai.

Vanquished Creatures
  2 hydras (Lair:4)
  3 catoblepae (Lair:5)
  A tengu warrior (D:11)
  3 two-headed ogres
  6 death yaks (Lair:5)
  A skyshark (Lair:5)
  5 skeletal warriors (D:12)
  Pikel (D:7)
  3 harpies (Lair:2)
  2 ugly things
  5 oklob plants (Lair:4)
  A cyclops (D:11)
  4 manticores
  15 elephants
  A black mamba (Lair:3)
  A gargoyle (D:12)
  A torpor snail (Lair:5)
  8 cane toads
  Psyche (D:8)
  3 rime drakes
  8 komodo dragons
  2 kobold demonologists
  A tengu conjurer (D:11)
  2 trolls
  Grinder (D:5)
  3 polar bears
  14 blink frogs
  7 dream sheep (Lair:4)
  2 vampires
  3 wraiths
  4 wyverns
  43 yaks
  Grum (D:8)
  2 steam dragons
  2 basilisks (Lair:2)
  Menkaure (D:6)
  Edmund (D:6)
  5 acid dragons
  16 water moccasins
  4 black bears
  5 ice beasts
  2 orc warriors
  An ogre (D:5)
  18 wolves
  8 centaurs
  A phantom (D:6)
  Blork the orc (D:5)
  5 kobold brigands
  2 gnoll sergeants
  17 bullfrogs
  3 scorpions
  4 wights (D:4)
  9 killer bees
  4 howler monkeys
  6 hounds
  6 jellies
  8 orc priests
  2 sleepcaps
  Jessica (D:2)
  3 iguanas
  13 orc wizards
  8 gnolls
  3 adders
  14 white imps
  4 dart slugs
  58 orcs
  9 endoplasms
  2 giant cockroaches
  8 goblins
  10 hobgoblins
  4 jackals (D:2)
  4 quokkas
  7 ball pythons
  4 bats
  7 frilled lizards
  15 kobolds
  5 rats
470 creatures vanquished.

Notes
Turn   | Place    | Note
-------+----------+-------------------------------------------
     0 | D:1      | qw the Gargoyle Hexslinger began the quest for the Orb.
     0 | D:1      | Reached XP level 1. HP: 12/12 MP: 2/2
     0 | D:1      | 0 ||| qw: Version: 0.3-a-52-g30416fa
     0 | D:1      | 0 ||| qw: Game counter: 7550
     0 | D:1      | 0 ||| qw: Melee chars always use a shield: true
     0 | D:1      | 0 ||| qw: God list: Okawaru
     0 | D:1      | 0 ||| qw: Allow faded altars: false
     0 | D:1      | 0 ||| qw: Do Orc after clearing Dungeon:15 true
     0 | D:1      | 0 ||| qw: Do second Lair branch before Depths: true
     0 | D:1      | 0 ||| qw: Lair rune preference: random
     0 | D:1      | 0 ||| qw: Goals: Normal
     0 | D:1      | 0 ||| PLANNING D:1-11
    58 | D:1      | Reached XP level 2. HP: 16/16 MP: 3/3
    83 | D:1      | Reached skill level 3 in Ranged Weapons
   367 | D:1      | Reached XP level 3. HP: 21/21 MP: 4/4
   528 | D:1      | 528 ||| DROPPING scarf of invisibility.
   529 | D:1      | 529 ||| UPGRADING to +0 cloak.
   534 | D:1      | 534 ||| UPGRADING to +6 ring of dexterity.
   535 | D:1      | 535 ||| READING scroll labelled TEARYRHIRPH.
   535 | D:1      | Identified a scroll of acquirement
   535 | D:1      | 535 ||| ACQUIRING +2 heavy hand crossbow
   535 | D:1      | Acquired a +2 heavy hand crossbow
   537 | D:1      | 537 ||| SWAPPING to +2 heavy hand crossbow.
   538 | D:1      | 538 ||| DROPPING +1 sling.
   539 | D:1      | 539 ||| READING 3 scrolls labelled DOREETI FEBIAP.
   542 | D:1      | 542 ||| DROPPING scroll of poison.
   576 | D:2      | Reached XP level 4. HP: 26/26 MP: 5/5
   583 | D:2      | Reached skill level 4 in Ranged Weapons
   729 | D:2      | Reached XP level 5. HP: 30/30 MP: 6/6
   760 | D:2      | Noticed Jessica
   763 | D:2      | Killed Jessica
   764 | D:2      | Reached skill level 5 in Ranged Weapons
   849 | D:2      | Found a faded altar of an unknown god.
  1046 | D:2      | 1046 ||| UPGRADING to +0 leather armour.
  1056 | D:2      | 1056 ||| DROPPING +0 robe.
  1057 | D:2      | 1057 ||| READING scroll labelled VICEFIMECA.
  1058 | D:2      | 1058 ||| READING scroll labelled RORU TYANTAC.
  1180 | D:3      | Found a snail-covered altar of Cheibriados.
  1447 | D:3      | Found a sacrificial altar of Ru.
  1594 | D:3      | Found an iron altar of Okawaru.
  1594 | D:3      | Found a burning altar of Makhleb.
  1595 | D:3      | 1595 ||| PLANNING OKAWARU WORSHIP
  1595 | D:3      | 1595 ||| UPGRADING to +0 swamp dragon scales.
  1605 | D:3      | 1605 ||| DROPPING +0 leather armour.
  1606 | D:3      | 1606 ||| UPGRADING to +0 helmet.
  1611 | D:3      | 1611 ||| UPGRADING to +5 ring of evasion.
  1612 | D:3      | 1612 ||| READING 2 scrolls labelled SYETE JAMP.
  1613 | D:3      | 1613 ||| READING scroll labelled CYKIYR HEWIYTA.
  1614 | D:3      | 1614 ||| READING scroll labelled PISACE TATHA.
  1622 | D:3      | 1622 ||| READING 2 scrolls of identify.
  1622 | D:3      | 1622 ||| IDENTIFYING smoky sapphire potion
  1623 | D:3      | 1623 ||| DROPPING potion of degeneration.
  1624 | D:3      | Became a worshipper of Warmaster Okawaru
  1625 | D:3      | 1625 ||| PLANNING D:1-11
  1762 | D:4      | Found an ornate altar of the Wu Jian Council.
  1835 | D:4      | Reached skill level 1 in Armour
  1904 | D:4      | Reached skill level 3 in Fighting
  1904 | D:4      | Reached XP level 6. HP: 37/37 MP: 7/7
  1911 | D:4      | 1911 ||| Stepping ~*~*~tactically~*~*~ (outnumbered).
  1941 | D:4      | Reached * piety under Okawaru
  1945 | D:4      | Reached skill level 1 in Invocations
  1945 | D:4      | Reached XP level 7. HP: 41/41 MP: 8/8
  2107 | D:4      | Reached skill level 6 in Ranged Weapons
  2164 | D:4      | 2164 ||| READING scroll of acquirement.
  2164 | D:4      | 2164 ||| ACQUIRING ring "Kuorriost" {rN+++ Int+3 SInv}
  2164 | D:4      | Acquired the ring "Kuorriost" {rN+++ Int+3 SInv}
  2471 | D:4      | 2471 ||| INVOKING Heroism.
  2494 | D:4      | 2494 ||| READING scroll of enchant weapon.
  2494 | D:4      | 2494 ||| ENCHANTING +2 heavy hand crossbow.
  2495 | D:4      | 2495 ||| READING scroll labelled HYUSCH ZESSONAI.
  2496 | D:4      | 2496 ||| READING scroll labelled AGUQAG GOOF.
  2497 | D:4      | 2497 ||| READING scroll labelled XOSOAH RAOBYFF.
  2498 | D:4      | 2498 ||| READING scroll labelled FETOUPUTUU.
  2529 | D:5      | Entered Level 5 of the Dungeon
  2538 | D:5      | Noticed Grinder
  2539 | D:5      | 2539 ||| INVOKING Heroism.
  2543 | D:5      | Killed Grinder
  2544 | D:5      | Reached skill level 3 in Invocations
  2567 | D:5      | Noticed Blork the orc
  2568 | D:5      | 2568 ||| INVOKING Heroism.
  2570 | D:5      | Killed Blork the orc
  2571 | D:5      | Reached XP level 8. HP: 18/48 MP: 7/11
  2573 | D:5      | Reached skill level 7 in Ranged Weapons
  2888 | D:5      | Reached ** piety under Okawaru
  3083 | D:5      | Reached skill level 8 in Ranged Weapons
  3298 | D:5      | 3298 ||| DROPPING +6 ring of strength.
  3299 | D:5      | 3299 ||| DROPPING ring of see invisible.
  3300 | D:5      | 3300 ||| READING 2 scrolls labelled PASOAG JUXO.
  3301 | D:5      | 3301 ||| READING scroll labelled EPOMPA BUHEL.
  3302 | D:5      | 3302 ||| READING scroll labelled XULURU UNTOOF.
  3303 | D:5      | 3303 ||| READING 3 scrolls of identify.
  3303 | D:5      | 3303 ||| IDENTIFYING lumpy blue potion
  3304 | D:5      | 3304 ||| READING 2 scrolls of identify.
  3304 | D:5      | 3304 ||| IDENTIFYING fizzy green potion
  3305 | D:5      | 3305 ||| DROPPING scroll of vulnerability.
  3312 | D:6      | 3312 ||| INVOKING Heroism.
  3365 | D:6      | Noticed Edmund
  3366 | D:6      | 3366 ||| Stepping ~*~*~tactically~*~*~ (outnumbered).
  3367 | D:6      | 3367 ||| INVOKING Heroism.
  3369 | D:6      | Killed Edmund
  3370 | D:6      | Reached skill level 3 in Armour
  3374 | D:6      | 3374 ||| INVOKING Heroism.
  3458 | D:6      | Noticed a vampire
  3459 | D:6      | Killed a vampire
  3460 | D:6      | Reached XP level 9. HP: 54/54 MP: 12/12
  3483 | D:6      | Reached skill level 9 in Ranged Weapons
  3490 | D:6      | 3490 ||| INVOKING Heroism.
  3560 | D:6      | Reached skill level 6 in Fighting
  3568 | D:6      | Noticed Menkaure
  3569 | D:6      | 3569 ||| INVOKING Heroism.
  3573 | D:6      | Killed Menkaure
  3613 | D:6      | 3613 ||| INVOKING Heroism.
  3651 | D:6      | 3651 ||| INVOKING Heroism.
  3740 | D:6      | 3740 ||| UPGRADING to +2 robe of resistance.
  3750 | D:6      | 3750 ||| UPGRADING to +0 pair of gloves.
  3755 | D:6      | 3755 ||| DRINKING 2 lumpy inky potions.
  3756 | D:6      | 3756 ||| READING 3 scrolls of identify.
  3756 | D:6      | 3756 ||| IDENTIFYING brown potion
  3757 | D:6      | 3757 ||| READING 2 scrolls of identify.
  3757 | D:6      | 3757 ||| IDENTIFYING pink potion
  3802 | D:7      | Found a staircase to the Ecumenical Temple.
  3878 | D:7      | 3878 ||| INVOKING Heroism.
  3920 | D:7      | Found a glowing golden altar of the Shining One.
  3986 | D:7      | 3986 ||| INVOKING Heroism.
  4014 | D:7      | Found an opulent altar of Gozag.
  4021 | D:7      | Reached skill level 3 in Dodging
  4089 | D:7      | Reached skill level 10 in Ranged Weapons
  4130 | D:7      | 4130 ||| INVOKING Heroism.
  4350 | D:7      | Found a shimmering blue altar of Sif Muna.
  4351 | D:7      | Noticed Pikel
  4352 | D:7      | 4352 ||| INVOKING Heroism.
  4355 | D:7      | Killed Pikel
  4358 | D:7      | Reached XP level 10. HP: 64/64 MP: 11/13
  4358 | D:7      | 4358 ||| Stepping ~*~*~tactically~*~*~ (outnumbered).
  4364 | D:7      | 4364 ||| Stepping ~*~*~tactically~*~*~ (outnumbered).
  4365 | D:7      | 4365 ||| FLEEEEING.
  4366 | D:7      | 4366 ||| FLEEEEING.
  4369 | D:7      | 4369 ||| Stepping ~*~*~tactically~*~*~ (outnumbered).
  4395 | D:7      | 4395 ||| FLEEEEING.
  4397 | D:7      | 4397 ||| FLEEEEING.
  4398 | D:7      | 4398 ||| FLEEEEING.
  4401 | D:7      | 4401 ||| FLEEEEING.
  4402 | D:7      | 4402 ||| FLEEEEING.
  4403 | D:7      | 4403 ||| FLEEEEING.
  4404 | D:7      | 4404 ||| FLEEEEING.
  4405 | D:7      | 4405 ||| FLEEEEING.
  4687 | D:8      | 4687 ||| STAIRDANCE
  4710 | D:8      | Noticed Grum
  4711 | D:8      | 4711 ||| INVOKING Heroism.
  4715 | D:8      | Killed Grum
  4966 | D:8      | Found Hul Kog's Armour Shop.
  4971 | D:8      | 4971 ||| BUYING +0 pair of boots (72 gold).
  4971 | D:8      | Bought a +0 pair of boots for 72 gold pieces
  4971 | D:8      | 4971 ||| BUYING +1 cloak of stealth (264 gold).
  4971 | D:8      | Bought a +1 cloak of stealth for 264 gold pieces
  5062 | D:8      | 5062 ||| INVOKING Heroism.
  5086 | D:8      | Paralysed by a centaur for 5 turns
  5091 | D:8      | 5091 ||| INVOKING Heroism.
  5134 | D:8      | Noticed Psyche
  5135 | D:8      | 5135 ||| INVOKING Heroism.
  5138 | D:8      | Killed Psyche
  5139 | D:8      | Reached skill level 11 in Ranged Weapons
  5507 | D:8      | 5507 ||| UPGRADING to +0 pair of boots.
  5512 | D:8      | 5512 ||| UPGRADING to +1 cloak of stealth.
  5522 | D:8      | 5522 ||| DROPPING +0 cloak.
  5523 | D:8      | 5523 ||| READING 2 scrolls of identify.
  5523 | D:8      | 5523 ||| IDENTIFYING green potion
  5524 | D:8      | 5524 ||| DROPPING potion of brilliance.
  5577 | D:9      | 5577 ||| Stepping ~*~*~tactically~*~*~ (outnumbered).
  5579 | D:9      | 5579 ||| Stepping ~*~*~tactically~*~*~ (outnumbered).
  5672 | D:9      | 5672 ||| INVOKING Heroism.
  5694 | D:9      | 5694 ||| INVOKING Heroism.
  5915 | D:9      | Noticed a two-headed ogre
  5916 | D:9      | 5916 ||| INVOKING Heroism.
  5918 | D:9      | Noticed a manticore
  5920 | D:9      | Killed a two-headed ogre
  5920 | D:9      | Reached *** piety under Okawaru
  5921 | D:9      | Reached skill level 12 in Ranged Weapons
  5922 | D:9      | Killed a manticore
  6078 | D:9      | 6078 ||| INVOKING Heroism.
  6142 | D:9      | Found Felas's Antique Weapon Boutique.
  6150 | D:9      | 6150 ||| SHOPLISTING glowing longbow (351 gold, have 146).
  6297 | D:9      | 6297 ||| DROPPING ring of protection from cold.
  6298 | D:9      | 6298 ||| READING scroll labelled XUOLLUWNOYZ.
  6369 | D:10     | Entered Level 10 of the Dungeon
  6377 | D:10     | Noticed a kobold demonologist
  6383 | D:10     | Noticed an orange demon
  6384 | D:10     | Killed a kobold demonologist
  6385 | D:10     | Reached XP level 11. HP: 58/68 MP: 14/14
  6422 | D:10     | Found a blossoming altar of Fedhas.
  6442 | D:10     | Reached skill level 13 in Ranged Weapons
  6445 | D:10     | Reached **** piety under Okawaru
  6593 | D:10     | Found a transporter.
  6597 | D:10     | Found a transporter.
  6597 | D:10     | Noticed a two-headed ogre
  6796 | D:10     | Noticed a cyclops
  6797 | D:10     | Noticed a skeletal warrior
  6797 | D:10     | Noticed a purple ugly thing
  6811 | D:10     | 6811 ||| INVOKING Heroism.
  6820 | D:10     | Reached skill level 9 in Fighting
  6847 | D:10     | 6847 ||| FLEEEEING.
  6847 | D:10     | Found a staircase to the Lair.
  6848 | D:10     | 6848 ||| FLEEEEING.
  6976 | D:10     | Noticed a two-headed ogre
  6977 | D:10     | 6977 ||| INVOKING Heroism.
  6980 | D:10     | Killed a two-headed ogre
  7019 | D:10     | 7019 ||| INVOKING Heroism.
  7054 | D:10     | Found a transporter.
  7068 | D:10     | Found a transporter.
  7068 | D:10     | Found a transporter.
  7156 | D:10     | 7156 ||| PLANNING LAIR
  7156 | D:10     | 7156 ||| READING scroll labelled XEBBISTR GIOFO.
  7157 | D:10     | 7157 ||| READING 2 scrolls of identify.
  7157 | D:10     | 7157 ||| IDENTIFYING fuming orange potion
  7158 | D:10     | 7158 ||| DROPPING potion of attraction.
  7185 | Lair:1   | Entered Level 1 of the Lair of Beasts
  7231 | Lair:1   | 7231 ||| INVOKING Heroism.
  7300 | Lair:1   | 7300 ||| INVOKING Heroism.
  7313 | Lair:1   | Reached skill level 6 in Invocations
  7324 | Lair:1   | 7324 ||| INVOKING Heroism.
  7398 | Lair:1   | 7398 ||| READING scroll of acquirement.
  7398 | Lair:1   | 7398 ||| ACQUIRING +0 heavy longbow
  7398 | Lair:1   | Acquired a +0 heavy longbow
  7400 | Lair:1   | 7400 ||| SWAPPING to +0 heavy longbow.
  7401 | Lair:1   | 7401 ||| DROPPING +3 heavy hand crossbow.
  7453 | Lair:1   | 7453 ||| FLEEEEING.
  7454 | Lair:1   | 7454 ||| FLEEEEING.
  7455 | Lair:1   | 7455 ||| FLEEEEING.
  7456 | Lair:1   | 7456 ||| FLEEEEING.
  7457 | Lair:1   | 7457 ||| FLEEEEING.
  7458 | Lair:1   | 7458 ||| FLEEEEING.
  7471 | Lair:1   | 7471 ||| INVOKING Heroism.
  7477 | Lair:1   | Reached ***** piety under Okawaru
  7480 | Lair:1   | Reached skill level 14 in Ranged Weapons
  7550 | Lair:1   | 7550 ||| INVOKING Heroism.
  7643 | Lair:1   | Reached XP level 12. HP: 76/76 MP: 17/17
  7649 | Lair:1   | 7649 ||| INVOKING Heroism.
  7713 | Lair:1   | Found a runed translucent gate.
  7714 | Lair:1   | Found a runed translucent gate.
  7715 | Lair:1   | Noticed a catoblepas
  7716 | Lair:1   | Found a runed translucent gate.
  7716 | Lair:1   | Noticed qw's ghost (journeyman GrFi)
  8143 | Lair:2   | Found a staircase to the Shoals.
  8144 | Lair:2   | 8144 ||| Stepping ~*~*~tactically~*~*~ (water).
  8147 | Lair:2   | 8147 ||| INVOKING Heroism.
  8222 | Lair:2   | 8222 ||| INVOKING Heroism.
  8346 | Lair:2   | Reached skill level 9 in Invocations
  8348 | Lair:2   | 8348 ||| INVOKING Heroism.
  8354 | Lair:2   | HP: 17/77 [elephant (4)]
  8355 | Lair:2   | 8355 ||| READING 4 scrolls of teleportation.
  8356 | Lair:2   | 8356 ||| DRINKING 3 potions of heal wounds.
  8404 | Lair:2   | 8404 ||| INVOKING Heroism.
  8489 | Lair:2   | Received a gift from Okawaru
  8540 | Lair:2   | Reached skill level 6 in Dodging
  9080 | Lair:2   | 9080 ||| INVOKING Heroism.
  9091 | Lair:2   | 9091 ||| READING 2 scrolls of identify.
  9091 | Lair:2   | 9091 ||| IDENTIFYING viscous black potion
  9099 | Lair:2   | 9099 ||| Stepping ~*~*~tactically~*~*~ (outnumbered).
  9147 | Lair:2   | 9147 ||| INVOKING Heroism.
  9679 | Lair:2   | 9679 ||| DROPPING potion of invisibility.
  9702 | Lair:3   | 9702 ||| INVOKING Heroism.
  9855 | Lair:3   | 9855 ||| READING 2 scrolls of identify.
  9855 | Lair:3   | 9855 ||| IDENTIFYING fuming red potion
  9862 | Lair:3   | Reached skill level 15 in Ranged Weapons
  9946 | Lair:3   | 9946 ||| INVOKING Heroism.
  9966 | Lair:3   | Reached XP level 13. HP: 82/82 MP: 20/20
  9974 | Lair:3   | Found a hole to the Spider Nest.
 10482 | Lair:3   | 10482 ||| UPGRADING to amulet of regeneration.
 10487 | Lair:3   | 10487 ||| READING 2 scrolls of identify.
 10487 | Lair:3   | 10487 ||| IDENTIFYING blue potion
 10488 | Lair:3   | 10488 ||| DROPPING potion of berserk rage.
 10549 | Lair:4   | 10549 ||| INVOKING Heroism.
 10580 | Lair:4   | 10580 ||| INVOKING Heroism.
 10615 | Lair:4   | Reached skill level 16 in Ranged Weapons
 10693 | Lair:4   | 10693 ||| INVOKING Heroism.
 10779 | Lair:4   | 10779 ||| INVOKING Heroism.
 10783 | Lair:4   | Identified the +1 cloak of the Dungeon {rN+ Str-4 Int+5}
                  | (Okawaru gifted it to you on level 4 of the Lair of Beasts)
 10783 | Lair:4   | Received a gift from Okawaru
 10796 | Lair:4   | You fall into a shaft and drop 1 floor!
 10796 | Lair:5   | Entered Level 5 of the Lair of Beasts
 10811 | Lair:5   | 10811 ||| READING scroll of enchant armour.
 10811 | Lair:5   | 10811 ||| ENCHANTING +0 pair of gloves.
 10825 | Lair:5   | 10825 ||| DROPPING +1 cloak of the Dungeon {rN+ Str-4
                  | Int+5}.
 10916 | Lair:4   | 10916 ||| INVOKING Heroism.
 10996 | Lair:4   | 10996 ||| INVOKING Heroism.
 11148 | Lair:4   | 11148 ||| INVOKING Heroism.
 11288 | Lair:4   | Found a staircase to the Slime Pits.
 11289 | Lair:4   | 11289 ||| INVOKING Heroism.
 11320 | Lair:4   | Found a viscous altar of Jiyva.
 11625 | Lair:4   | 11625 ||| DROPPING amulet of magic regeneration.
 11626 | Lair:4   | 11626 ||| READING 2 scrolls of identify.
 11626 | Lair:4   | 11626 ||| IDENTIFYING fuming dark potion
 11637 | Lair:5   | 11637 ||| STAIRDANCE
 11731 | Lair:5   | 11731 ||| INVOKING Heroism.
 11748 | Lair:5   | Reached skill level 17 in Ranged Weapons
 11801 | Lair:5   | Identified the +1 pair of gloves of the Cooper {rC+ Will++
                  | Str+3 Dex-5}
 11869 | Lair:5   | 11869 ||| INVOKING Heroism.
 12086 | Lair:5   | Gained mutation: Your large and strong wings let you fly.
                  | [Gargoyle growth]
 12086 | Lair:5   | Reached XP level 14. HP: 90/90 MP: 21/21
 12129 | Lair:5   | 12129 ||| INVOKING Heroism.
 12167 | Lair:5   | 12167 ||| UPGRADING to +1 pair of gloves of the Cooper {rC+
                  | Will++ Str+3 Dex-5}.
 12184 | Lair:5   | 12184 ||| INVOKING Heroism.
 12258 | Lair:5   | Identified the +1 long sword of the Asp {pain, Int+5}
 12266 | Lair:5   | 12266 ||| INVOKING Heroism.
 12276 | Lair:5   | Reached skill level 18 in Ranged Weapons
 12311 | Lair:5   | 12311 ||| INVOKING Heroism.
 12364 | Lair:5   | 12364 ||| INVOKING Heroism.
 12737 | Lair:5   | 12737 ||| PLANNING D:1-11
 12901 | D:11     | Reached skill level 12 in Fighting
 12990 | D:11     | 12990 ||| Stepping ~*~*~tactically~*~*~ (outnumbered).
 13092 | D:11     | Found a staircase to the Orcish Mines.
 13094 | D:11     | 13094 ||| Stepping ~*~*~tactically~*~*~ (outnumbered).
 13097 | D:11     | 13097 ||| Stepping ~*~*~tactically~*~*~ (outnumbered).
 13102 | D:11     | 13102 ||| Stepping ~*~*~tactically~*~*~ (outnumbered).
 13363 | D:11     | Found a runed translucent gate.
 13363 | D:11     | Found a runed translucent gate.
 13363 | D:11     | Found a runed translucent gate.
 13366 | D:11     | Noticed qw's ghost (journeyman MiHs)
 13380 | D:11     | 13380 ||| Stepping ~*~*~tactically~*~*~ (outnumbered).
 13424 | D:11     | Identified the +12 sling "Medeir" {flame, Str+3}
 13603 | D:11     | 13603 ||| PLANNING D
 13603 | D:11     | 13603 ||| DROPPING +0 swamp dragon scales.
 13604 | D:11     | 13604 ||| UPGRADING to +0 troll leather armour.
 13614 | D:11     | 13614 ||| DROPPING ring of wizardry.
 13615 | D:11     | 13615 ||| READING 2 scrolls of identify.
 13615 | D:11     | 13615 ||| IDENTIFYING bubbling dark potion
 13616 | D:11     | 13616 ||| DROPPING potion of lignification.
 13645 | D:12     | 13645 ||| STAIRDANCE
 13706 | D:12     | 13706 ||| STAIRDANCE
 13879 | D:12     | 13879 ||| INVOKING Heroism.
 13884 | D:12     | Reached skill level 6 in Armour
 13895 | D:12     | Identified the +7 plate armour of Discretion {rN+++ Str-2
                  | SInv} (Okawaru gifted it to you on level 12 of the Dungeon)
 13895 | D:12     | Received a gift from Okawaru
 14008 | D:12     | Identified the +0 scale mail of Floral Liberty {Contam +Inv
                  | rN+ Dex+4}
 14451 | D:12     | 14451 ||| DRINKING 3 cyan potions.
 14471 | D:13     | Noticed Rupert
 14471 | D:13     | Noticed Lodul
 14471 | D:13     | Found a gate to the Vaults.
 14472 | D:13     | 14472 ||| INVOKING Heroism.
 14473 | D:13     | 14473 ||| INVOKING Finesse.
 14478 | D:13     | 14478 ||| STAIRDANCE
 14481 | D:12     | HP: 22/92 [meliai/+0 hand axe (9)]
 14481 | D:12     | Mangled by Rupert

Levels and vault maps discovered:
D:1:      tarquinn_simple_flora_water_b, layout_basic
D:2:      layout_basic, ebering_ecumenical_altar_ruins, uniq_jessica
D:3:      layout_rooms, nicolae_ru_the_path_less_chosen, amcnicky_altar_gilded,
          gammafunk_temple_overflow_pools
D:4:      minmay_wonky_spiral, layout_basic, lemuel_crystal_altar
D:5:      mumra_celtic_spiral_tile, layout_gridville, uniq_blork_the_orc,
          uniq_grinder
D:6:      layout_rooms, grunt_decor_one_mirror,
          eino_small_chamber_without_monster, uniq_edmund, uniq_menkaure
D:7:      layout_loops_cross, mainiacjoe_overflow_paths,
          mainiacjoe_overflow_24_doors, mainiacjoe_overflow_cross_hatched,
          minmay_temple_entry_hall, uniq_pikel
D:8:      layout_basic, serial_shops, nicolae_shop_trees, uniq_grum, uniq_psyche
D:9:      layout_irregular_city, serial_shops, shop,
          minmay_fractal_squares_gapless_5
D:10:     gammafunk_the_bubble [the_bubble_gammafunk_roulette],
          layout_gridville, mainiacjoe_overflow_tiny_flanked,
          hellmonk_lair_entry_icy
D:11:     layout_roguey, david_orc_3, gammafunk_ghost_hydra_chop,
          minmay_fractal_squares_5
D:12:     layout_cave_pods
D:13:     layout_basic, david_vaults_3, serial_shops,
          nicolae_shop_pleasant_corner_grove, gammafunk_ghost_abyssal_escape,
          serial_aquarium, aquarium_bridge_square [aquarium_subvault_bridge,
          aquarium_subvault_bridge, aquarium_subvault_wall,
          aquarium_subvault_wall], aquarium_bridge_square
          [aquarium_subvault_bridge, aquarium_subvault_bridge,
          aquarium_subvault_bridge, aquarium_subvault_wall], aquarium_window_1,
          aquarium_window_1, aquarium_window_fake, aquarium_window_fake,
          aquarium_view_2e, aquarium_view_2b, aquarium_balcony_5b,
          xom_confusion_cloud, uniq_lodul
Lair:1:   layout_roguey, gammafunk_ghost_split, lemuel_fruit_tree,
          grunt_megastairs_3, serial_bayou_shore_a
Lair:2:   beast_lair_carwin_large_1, layout_layer_cave,
          nicolae_shoals_entry_roost, portal_ice_cave_entry_imps
Lair:3:   layout_regular_city, spider_nest_entry_web_field
Lair:4:   layout_regular_city, minmay_slime_entry_oklob_open,
          serial_bayou_shore_b
Lair:5:   evilmike_catoblepas_cave, layout_hall_layers,
          infiniplex_staircase_pool

Skill      XL: |  1  2  3  4  5  6  7  8  9 10 11 12 13 14 |
---------------+-------------------------------------------+-----
Ranged Weapons | 3 4 5 6 8 10 12 14 15 17 18 | 18.3
Fighting       | 2 3 4 5 7 8 9 10 11 12 | 12.0
Armour         | 1 2 3 4 7 |  7.0
Invocations    | 1 4 7 10 | 10.0
Dodging        | 2 3 5 6 7 |  7.0
Spellcasting   | |  1.0
Hexes          | |  2.6

Action                     |  1- 3 |  4- 6 |  7- 9 | 10-12 | 13-15 || total
---------------------------+-------+-------+-------+-------+-------++-------
   Fire: Sling             |    64 |       |       |       |       ||    64
         Hand crossbow     |     4 |    80 |   129 |   199 |       ||   412
         Longbow           |       |       |       |   203 |   482 ||   685
 Invoke: Heroism           |       |       |    14 |    25 |    17 ||    56
         Finesse           |       |       |       |       |     1 ||     1
    Use: Scroll            |     2 |     6 |    13 |     8 |     4 ||    33
         Potion            |       |       |     1 |     1 |     1 ||     3
 Armour: Robe              |     9 |    21 |    14 |   137 |    98 ||   279
         Swamp dragon scal |       |     2 |    20 |       |       ||    22
         Troll leather arm |       |       |       |       |    32 ||    32
  Dodge: Dodged            |    13 |    40 |    81 |   566 |   445 ||  1145

Table legend:
 A = Non-vault XP
 B = Vault XP
 C = Vault XP percentage of total XP
 D = Non-vault monster count
 E = Vault monster count
 F = Vault count percentage of total count
                 A         B        C        D         E       F
            +---------+---------+-------+---------+---------+-------
      Total |   51600 |   24433 |  32.1 |     371 |      99 |  21.1
            +---------+---------+-------+---------+---------+-------
        D:1 |      37 |       0 |   0.0 |      20 |       0 |   0.0
        D:2 |     138 |      37 |  21.1 |      31 |       1 |   3.1
        D:3 |      10 |       0 |   0.0 |       6 |       0 |   0.0
        D:4 |     480 |     133 |  21.7 |      24 |       5 |  17.2
        D:5 |     587 |     377 |  39.1 |      19 |       2 |   9.5
        D:6 |    1275 |     334 |  20.8 |      22 |       2 |   8.3
        D:7 |    1129 |     629 |  35.8 |      31 |       1 |   3.1
        D:8 |     458 |     792 |  63.4 |      17 |       4 |  19.0
        D:9 |     996 |    1706 |  63.1 |      18 |       5 |  21.7
       D:10 |    2841 |    1400 |  33.0 |      24 |       8 |  25.0
       D:11 |    4845 |     896 |  15.6 |      21 |      13 |  38.2
       D:12 |    5833 |       0 |   0.0 |      15 |       0 |   0.0
     Lair:1 |    4572 |    1651 |  26.5 |      18 |       7 |  28.0
     Lair:2 |    5751 |    2852 |  33.2 |      20 |      23 |  53.5
     Lair:3 |    4176 |       0 |   0.0 |      15 |       0 |   0.0
     Lair:4 |   14065 |    2787 |  16.5 |      54 |       5 |   8.5
     Lair:5 |    4407 |   10839 |  71.1 |      16 |      23 |  59.0
            +---------+---------+-------+---------+---------+-------
